 Dungeon Crawl Stone Soup version 0.17.0-28-g6e173f8 (webtiles) character file.

190 HEYYEYAAE the Changer (level 5, -6/27 HPs)
             Began as a Spriggan Transmuter on Dec 1, 2015.
             Killed from afar by an orc wizard (7 damage)
             ... with a puff of flame
             ... on level 4 of the Dungeon.
             The game lasted 00:09:00 (3847 turns).

HEYYEYAAE the Changer (Spriggan Transmuter)         Turns: 3847, Time: 00:09:00

Health: -6/27      AC:  3    Str:  7    XL:     5   Next: 41%
Magic:  2/10       EV: 20    Int: 14    God:
Gold:   73         SH:  0    Dex: 17    Spells: 3 memorised, 4 levels left

rFire  . . .     SeeInvis +     n - +2 dagger (drain)
rCold  . . .     Clarity  .     b - +0 robe
rNeg   . . .     SustAt   .     (shield restricted)
rPois  .         Gourm    .     (helmet restricted)
rElec  .         Spirit   .     j - +0 cloak
rCorr  .         Warding  .     (gloves unavailable)
rMut   .         Stasis   .     (boots unavailable)
MR     .....                    (no amulet)
Stlth  ++........               (no ring)
                                m - +2 ring of slaying

@: appendage (expiring), very quick, not resistant to hostile enchantments,
unstealthy
A: unfitting armour, horns 2, see invisible, herbivore 3, speed 3, slow
metabolism 2
a: End Transformation


You were on level 4 of the Dungeon.
You were not hungry.
You had grown temporary horns.
You visited 1 branch of the dungeon, and saw 4 of its levels.

You collected 163 gold pieces.
You spent 90 gold pieces at shops.

Inventory:

Hand Weapons
 f - a +1 spear of freezing
 n - a +2 dagger of draining (weapon)
 o - a +1 short sword of holy wrath
 p - a +0 war axe
 r - a +1 dagger of speed
Missiles
 a - 20 arrows
 g - 3 steel javelins
 s - an arrow of flame
Armour
 b - a +0 robe (worn)
 j - a +0 cloak (worn)
Jewellery
 m - a +2 ring of slaying (left hand)
Scrolls
 i - 3 scrolls of remove curse
 l - a scroll of fear {unknown}
 q - 4 scrolls of teleportation
 t - a scroll of random uselessness {unknown}
Potions
 e - 2 potions of curing
 h - 2 potions of magic
Books
 c - a book of Changes

   Spells                             Type                      Level
   a - Beastly Appendage              Transmutation                1
   b - Sticks to Snakes               Transmutation                2
   c - Spider Form                    Transmutation/Poison         3
   d - Ice Form                       Ice/Transmutation            4
   e - Blade Hands                    Transmutation                5
 k - a Grand Grimoire

   Spells                             Type                      Level
   a - Monstrous Menagerie            Summoning                    6
   b - Summon Greater Demon           Summoning                    7
   c - Malign Gateway                 Summoning/Translocation      7
   d - Summon Horrible Things         Summoning                    8
Comestibles
 d - 3 bread rations


   Skills:
 * Level 2.4 Fighting
 + Level 4.4 Dodging
 + Level 2.9 Unarmed Combat
 + Level 3.3 Spellcasting
 * Level 4.4 Transmutations


You had 4 spell levels left.
You knew the following spells:

 Your Spells              Type           Power        Failure   Level  Hunger
a - Beastly Appendage     Trmt           ##....       3%          1    #......
b - Sticks to Snakes      Trmt           ##........   6%          2    ##.....
c - Spider Form           Trmt/Pois      #.........   24%         3    ###....


Dungeon Overview and Level Annotations

Branches:
Dungeon (4/15)
 Temple: D:4-7

Altars:
Fedhas
Kikubaaqudgha
Zin


Innate Abilities, Weirdness & Mutations

You are tiny and cannot use many weapons and most armour.
You have supernaturally acute eyesight.
You are a herbivore.
You cover ground extremely quickly.
You need consume almost no food.
You have a pair of horns on your head.


Message History

The orc misses you.
Your adder closely misses the orc wizard.
Unknown command.
You closely miss the orc wizard.
You headbutt the orc wizard, but do no damage.
The orc wizard points at you and mumbles some strange words.
The puff of frost misses you. The orc wizard closely misses you.
Your adder closely misses the orc wizard.
The orc wizard closely misses you. The orc completely misses you.
The orc wizard hits you but does no damage.
Casting: Sticks to Snakes
Confirm with . or Enter, or press ? or * to list all spells.
You create a snake!
The orc wizard points at you and mumbles some strange words.
The puff of frost hits you!
* * * LOW HITPOINT WARNING * * *
Your adder barely misses the orc wizard.
The orc wizard points at you and mumbles some strange words.
The puff of flame hits you!
You die...

#............<
##.............
##..............
#...............
##...............
................
#.....o.o......
#.....@o...... #.
##....S.......
#####..
##.....S.....
......#
#...........
.....#
##..#.......#
.....#
##..####.....#
.....# ##...#
###### .....##
#....#
......####....#


You could see 2 orc wizards, an orc, a friendly adder and a friendly ball
python.

Vanquished Creatures
  A worker ant (D:4)
  Robin (D:2)
  4 adders
  2 oozes
  3 giant geckos
  4 bats
  A giant cockroach (D:1)
  16 goblins
  11 hobgoblins
  3 jackals (D:3)
  5 kobolds
  7 ball pythons
  4 giant newts
  6 rats (D:1)
68 creatures vanquished.

Vanquished Creatures (collateral kills)
  An ogre (D:4)
1 creature vanquished.

Grand Total: 69 creatures vanquished

Notes
Turn   | Place    | Note
--------------------------------------------------------------
     0 | D:1      | HEYYEYAAE the Spriggan Transmuter began the quest for the Orb.
     0 | D:1      | Reached XP level 1. HP: 9/9 MP: 5/5
   452 | D:1      | Reached skill level 1 in Fighting
   463 | D:1      | Reached XP level 2. HP: 11/14 MP: 6/6
  1149 | D:1      | Reached XP level 3. HP: 7/18 MP: 6/8
  1652 | D:2      | Noticed Robin
  2205 | D:2      | Learned a level 2 spell: Sticks to Snakes
  2509 | D:2      | Killed Robin
  2516 | D:2      | Reached XP level 4. HP: 17/23 MP: 4/9
  2691 | D:2      | Learned a level 3 spell: Spider Form
  2795 | D:3      | Found Zin's Purification Station.
  2797 | D:3      | Found a glowing silver altar of Zin.
  2800 | D:3      | Bought a potion of curing for 90 gold pieces
  2830 | D:3      | Reached skill level 4 in Dodging
  3553 | D:4      | Noticed an ogre
  3563 | D:4      | Reached XP level 5. HP: 9/26 MP: 7/10
  3570 | D:4      | Killed an ogre
  3797 | D:4      | Found an ancient bone altar of Kikubaaqudgha.
  3797 | D:4      | Found a blossoming altar of Fedhas.
  3847 | D:4      | HP: 1/27 [orc wizard/puff of frost (11)]
  3847 | D:4      | Killed from afar by an orc wizard

Action                   |  1- 3 |  4- 6 || total
-------------------------+-------+-------++-------
Melee: Unarmed           |    98 |    16 ||   114
       Dagger            |    46 |    59 ||   105
       War axe           |    10 |       ||    10
 Cast: Beastly Appendage |    20 |     2 ||    22
       Sticks to Snakes  |     2 |     8 ||    10
       Spider Form       |       |     5 ||     5
  Use: Potion            |     4 |       ||     4
       Scroll            |     3 |     3 ||     6
 Stab: Sleeping          |     1 |       ||     1
  Eat: Bread ration      |       |     1 ||     1
